 Dungeon Crawl Stone Soup version 0.14-a0-155-gd989017 (webtiles) character file.

690 Malachi the Shooter (level 7, 0/55 HPs)
             Began as a Centaur Hunter on Oct 4, 2013.
             Slain by Pikel
             ... wielding a +2,+0 whip of electrocution
              (22 damage)
             ... on Level 3 of the Dungeon.
             The game lasted 00:09:19 (3194 turns).

Malachi the Shooter (Centaur Hunter)                Turns: 3194, Time: 00:09:20

HP   0/55        AC 14     Str 14      XL: 7   Next:  6%
MP   4/4         EV 17     Int 10      God:
Gold 144         SH  0     Dex 12      Spells:  0 memorised,  6 levels left

Res.Fire  : . . .   See Invis. : +   o - +3,+4 dwarf mace (protect)
Res.Cold  : . . .   Warding    : .   y - +0 orc leather armour
Life Prot.: . . .   Conserve   : .   (no shield)
Res.Poison: .       Res.Corr.  : .   s - +0 helmet
Res.Elec. : .       Clarity    : .   l - +2 cloak
Sust.Abil.: . .     Spirit.Shd : .   (no gloves)
Res.Mut.  : .       Stasis     : .   (no barding)
Res.Rott. : .       Flight     : .   (no amulet)
Saprovore : . . .                    x - cursed ring of see invisible
                                     r - +6 ring of evasion

@: very quick, slightly resistant to hostile enchantments, very unstealthy
A: hooves 3, deformed body, herbivore 1, speed 2, fast metabolism 1, tough skin
3
a: no special abilities


You were on level 3 of the Dungeon.
You were very hungry.

You visited 1 branch of the dungeon, and saw 4 of its levels.

You collected 124 gold pieces.

Inventory:

Hand weapons
 a - a +0,+0 short sword
 b - a +1,+1 bow
 o - a +3,+4 dwarven mace of protection (weapon)
Missiles
 t - 7 poisoned needles
 u - 20 bolts of penetration
Armour
 h - a +0 cloak
 j - a +0 chain mail
 l - a +2 cloak (worn)
 s - a +0 helmet (worn)
 y - a +0 orcish leather armour (worn)
Comestibles
 f - 5 bread rations
 w - a rotting chunk of orc flesh
 z - 2 rotting chunks of jackal flesh
 A - a meat ration
 B - 2 chunks of orc flesh
 F - a pear
Scrolls
 i - 2 scrolls of identify
 q - 2 scrolls of teleportation
Jewellery
 r - a +6 ring of evasion (left hand)
 v - an uncursed ring of flight
 x - a cursed ring of see invisible (right hand)
Potions
 e - a potion of agility {unknown}
 g - 2 potions of speed
 k - a potion of might {unknown}
 m - 2 potions of heal wounds {unknown}
 n - 2 potions of curing {unknown}
 p - a potion of paralysis {unknown}


   Skills:
 + Level 1.8 Fighting
 + Level 0.5 Short Blades
 + Level 0.3 Maces & Flails
 * Level 7.3 Bows
 + Level 2.3 Armour
 + Level 3.8 Dodging
 + Level 0.7 Stealth
 + Level 0.6 Unarmed Combat


You had 6 spell levels left.
You didn't know any spells.

Dungeon Overview and Level Annotations

Branches:
Dungeon (4/27)
 Temple: D:4-7

Altars:

Shops:
D:4 (

Annotations:
D:3 Pikel


Innate Abilities, Weirdness & Mutations

You have hooves in place of feet.
Armour fits poorly on your strangely shaped body.
You digest meat inefficiently.
You cover ground very quickly.
You have a fast metabolism.
You have extremely tough skin (AC +3).


Message History

The slave barely misses you. The giant newt closely misses you.
The goblin barely misses you. Pikel hits you but does no damage.
You hit Pikel. Your kick misses Pikel.
Pikel is severely wounded.
The slave closely misses you. The giant newt barely misses you.
The goblin hits you but does no damage. Pikel hits you but does no damage.
The giant newt hisses menacingly.
The giant newt barely misses you. The slave hits you.
The goblin closely misses you. Pikel hits you but does no damage.
You closely miss Pikel. You kick Pikel.
Pikel is severely wounded.
The slave closely misses you. The giant newt completely misses you.
The goblin hits you but does no damage. Pikel closely misses you.
You hit Pikel but do no damage.
Pikel is severely wounded.
The slave misses you. The giant newt completely misses you.
The goblin closely misses you.
Pikel hits you with a whip of electrocution.
You are electrocuted!
You die...

........##.#.....................
........####............)........
.................................
##.....(####.....................
##......# #.....................
##......# #.###.................
##.....(# ##.###.................
##......# #....g.................
##......###..#.K@................
##.......<#..#.#@l...............
######..[........<...............
.................................
.................#...............
##########.#.#.#.#...............
##########.#.....................
.............#.#.................
....######.......................


You could see Pikel, a slave, a goblin and a giant newt.

Vanquished Creatures
  Grinder (D:4)
  The ghost of Tiran the Covered, an average GrMo (D:4)
  A slave (D:3)
  A centaur skeleton (D:4)
  An orc wizard (D:4)
  7 adders
  A giant mite (D:3)
  A worm (D:2)
  A giant gecko (D:1)
  An ooze (D:1)
  4 orcs (D:4)
  10 bats
  3 giant cockroaches
  10 goblins
  9 hobgoblins
  6 jackals
  2 quokkas
  A ball python (D:3)
  4 giant newts
  8 kobolds
  6 rats
79 creatures vanquished.

Notes
Turn   | Place    | Note
--------------------------------------------------------------
     0 | D:1      | Malachi, the Centaur Hunter, began the quest for the Orb.
     0 | D:1      | Reached XP level 1. HP: 17/17 MP: 0/0
   272 | D:1      | Reached XP level 2. HP: 19/24 MP: 1/1
  1016 | D:2      | Reached XP level 3. HP: 20/29 MP: 2/2
  1255 | D:2      | Reached skill level 6 in Bows
  1593 | D:2      | Reached XP level 4. HP: 36/36 MP: 2/2
  1770 | D:2      | Reached skill level 1 in Armour
  2581 | D:4      | Reached XP level 5. HP: 41/41 MP: 3/3
  2593 | D:4      | Noticed Grinder
  2599 | D:4      | Paralysed by Grinder for 6 turns
  2610 | D:4      | Paralysed by Grinder for 3 turns
  2614 | D:4      | Killed Grinder
  2614 | D:4      | Reached skill level 7 in Bows
  2614 | D:4      | Reached XP level 6. HP: 18/49 MP: 4/4
  2806 | D:4      | Found Phuc's Antique Weapon Shop.
  2888 | D:4      | Noticed Tiran's ghost (average GrMo)
  2900 | D:4      | Killed Tiran's ghost
  2941 | D:4      | Reached XP level 7. HP: 41/55 MP: 4/4
  3071 | D:4      | Noticed a slave
  3071 | D:4      | Noticed a slave
  3072 | D:4      | Noticed Pikel
  3072 | D:4      | Noticed a slave
  3073 | D:4      | Noticed a slave
  3135 | D:3      | Killed a slave
  3194 | D:3      | Slain by Pikel

Action                   |  1- 3 |  4- 6 |  7- 9 || total
-------------------------+-------+-------+-------++-------
Melee: Unarmed           |    80 |       |       ||    80
       Short sword       |    35 |    40 |       ||    75
       Mace              |       |    66 |    23 ||    89
 Fire: Bow               |    13 |    16 |    16 ||    45
  Use: Scroll            |       |    11 |       ||    11
